 Dungeon Crawl Stone Soup version 0.31-a0-180-g519b7de00c (webtiles) character file.

Game seed: 4673744491193452457

86445 frimble the Thaumaturge (level 15, -4/106 HPs)
             Began as an Octopode Warper on June 18, 2023.
             Was the Champion of Cheibriados.
             Constricted to death by a tentacled monstrosity (8 damage)
             ... on level 2 of the Abyss on June 19, 2023.
             The game lasted 00:55:12 (25428 turns).

frimble the Thaumaturge (Octopode Warper)          Turns: 25428, Time: 00:55:13

Health: -4/106     AC:  1    Str: 39    XL:     15   Next: 87%
Magic:  0/31       EV: 26    Int: 38    God:    Cheibriados [******]
Gold:   918        SH:  9    Dex: 28    Spells: 25/38 levels left

rFire   + .          .
                       - Unarmed
rCold   + . .        k - +1 buckler of Impatience {Int+3 Stlth+}
rNeg    + . .        F - +0 hat "Buazxo" {rC+ Will+ Dex+3}
rPois   +            f - amulet of guardian spirit
rElec   .            c - +6 ring of strength
rCorr   +            C - +5 ring of evasion
SInv    +            E - +6 ring of strength
Will    ++...        P - ring of see invisible
Stlth   +++++        u - ring of positive energy
HPRegen 0.37/turn    S - ring "Ucran" {rPois rF+ rCorr EV+5 Dex-3}
MPRegen 0.22/turn    (no ring)
                     (no ring)

%: guardian spirit
@: mighty, constricted, very slow
A: almost no armour, amphibious, 8 rings, camouflage 1, gelatinous body 1,
(nimble swimmer 1), tentacles
a: Renounce Religion, Bend Time, Temporal Distortion, Slouch, Step From Time


You were on level 2 of the Abyss.
You worshipped Cheibriados.
Cheibriados was exalted by your worship.
You visited 3 branches of the dungeon, and saw 21 of its levels.
You visited the Abyss 1 time.
You visited 1 bazaar.
You also visited: Gauntlet and Volcano.

You collected 1652 gold pieces.
You spent 734 gold pieces at shops.

Inventory:

Missiles
 b - 5 boomerangs of dispersal
 d - 49 poisoned darts
 l - 10 boomerangs
 x - 2 throwing nets
Armour
 k - the +1 buckler of Impatience (worn) {Int+3 Stlth+}
   (You acquired it on level 4 of the Dungeon)

   Int:       It affects your intelligence (+3).
   Stlth:     It makes you more stealthy.
 F - the +0 hat "Buazxo" (worn) {rC+ Will+ Dex+3}
   (You found it in a Gauntlet)

   Dex:       It affects your dexterity (+3).
   rC:        It protects you from cold.
   Will:      It increases your willpower.
 R - a +2 kite shield
Magical Staves
 K - the staff "Vetaot" {rF+ rC+ Ice}
   (You took it off a minotaur in a Gauntlet)

   [staff of cold]

   Base accuracy: +5 Base damage: 5 Base attack delay: 1.2 This weapon's minimum
   attack delay (0.6) is reached at skill level 12.
   rF:        It protects you from fire.
   rC:        It protects you from cold.
   Ice:       It increases the power of your Ice spells.
   It falls into the 'Staves' category.
   It is a one-tentacled weapon.
Jewellery
 c - a +6 ring of strength (left tentacle)
 f - an amulet of guardian spirit (around mantle)
 t - a ring of ice
 u - a ring of positive energy (on tentacle)
 C - a +5 ring of evasion (right tentacle)
 E - a +6 ring of strength (on tentacle)
 I - a ring of flight
 P - a ring of see invisible (on tentacle)
 S - the ring "Ucran" (on tentacle) {rPois rF+ rCorr EV+5 Dex-3}
   (You bought it in a shop in a bazaar)

   [ring of evasion]

   EV:        It affects your evasion (+5).
   Dex:       It affects your dexterity (-3).
   rF:        It protects you from fire.
   rPois:     It protects you from poison.
   rCorr:     It protects you from acid and corrosion.
 U - a ring of fire
Wands
 o - a wand of light (12)
 r - a wand of flame (67)
 y - a wand of iceblast (12)
 G - a wand of digging (3)
Scrolls
 e - 2 scrolls of vulnerability
 g - 5 scrolls of enchant armour
 h - 4 scrolls of amnesia
 j - 9 scrolls of teleportation
 p - 5 scrolls of enchant weapon
 s - 6 scrolls of fog
 H - a scroll of fear
 J - 2 scrolls of brand weapon
 Q - 8 scrolls of identify
 T - a scroll of silence
Potions
 a - 2 potions of resistance
 i - 7 potions of brilliance
 n - a potion of invisibility
 q - 5 potions of curing
 w - a potion of ambrosia
 z - 3 potions of mutation
 A - 6 potions of heal wounds
 B - 5 potions of cancellation
 L - a potion of enlightenment
 M - 3 potions of lignification
 N - a potion of attraction
Miscellaneous
 m - a sack of spiders (inert)


   Skills:
 - Level 11.0 Fighting
 - Level 1.0 Throwing
 + Level 6.8 Dodging
 - Level 2.0 Stealth
 - Level 8.1 Shields
 - Level 11.0 Unarmed Combat
 - Level 12.4 Spellcasting
 - Level 6.0 Conjurations
 + Level 6.6 Necromancy
 - Level 6.0 Translocations
 - Level 8.0 Ice Magic
 - Level 8.0 Air Magic
 + Level 6.6 Earth Magic
 + Level 10.2 Invocations
 - Level 5.5 Evocations


You had 25 spell levels left.
You knew the following spells:

 Your Spells              Type           Power      Damage    Failure   Level
a - Blink                 Tloc           100%       N/A       1%          2
b - Freezing Cloud        Conj/Ice/Air   34%        6-21      2%          5
c - Borgnjor's Vile Clut  Necr/Erth      32%        N/A       3%          5
d - Apportation           Tloc           100%       N/A       1%          1

Your spell library contained the following spells:

 Spells                   Type           Power      Damage    Failure   Level
 Kiss of Death            Conj/Necr      100%       2d13      1%          1
 Necrotise                Necr           100%       1d9       1%          1
 Shock                    Conj/Air       100%       1d9       1%          1
 Summon Small Mammal      Summ           92%        N/A       1%          1
 Cigotuvi's Dreadful Rot  Necr/Pois/Air  100%       N/A       1%          2
 Lesser Beckoning         Tloc           100%       N/A       1%          2
 Dazzling Flash           Conj/Hex       92%        N/A       1%          3
 Stone Arrow              Conj/Erth      100%       3d13      1%          3
 Swiftness                Air            71%        N/A       1%          3
 Teleport Other           Tloc           62%        N/A       1%          3
 Vhi's Electric Charge    Tloc/Air       100%       N/A       1%          3
 Volatile Blastmotes      Fire/Tloc      92%        2d17      1%          3
 Airstrike                Air            35%        2d(6-22)  1%          4
 Dispel Undead            Necr           65%        3d22      1%          4
 Iskenderun's Mystic Bla  Conj/Tloc      62%        2d13      1%          4
 Manifold Assault         Tloc           62%        N/A       1%          4
 Confusing Touch          Hex            23%        N/A       4%          3
 Ignite Poison            Fire/Tmut/Pois 23%        N/A       4%          3
 Inner Flame              Hex/Fire       23%        N/A       4%          3
 Sticky Flame             Conj/Fire      46%        2d6       4%          4
 Alistair's Intoxication  Tmut/Pois      15%        N/A       43%         5
 Yara's Violent Unravell  Hex/Tmut       11%        3d6       43%         5
 Starburst                Conj/Fire      23%        6d8       58%         6
 Eringya's Noxious Bog    Tmut/Pois      11%        N/A       95%         6
 Enfeeble                 Hex            11%        N/A       100%        7
 Ignition                 Fire           11%        3d5       100%        8
 Lehudib's Crystal Spear  Conj/Erth      32%        10d8      100%        8
 Animate Armour           Summ/Erth      Unusable   N/A       N/A         4

Dungeon Overview and Level Annotations

Branches:
Dungeon (15/15)            Temple (1/1) D:7            Lair (5/5) D:10
  Swamp (0/4) Lair:3        Snake (0/4) Lair:3        Slime (0/5) Lair:4
    Orc (0/2) D:10         Vaults (0/5) D:13        Volcano (visited)
Gauntlet (visited)
 Depths: D:15

Altars:
Ashenzari
Cheibriados
Dithmenos
Elyvilon
Fedhas
Gozag
Hepliaklqana
Kikubaaqudgha
Makhleb
Nemelex Xobeh
Okawaru
Qazlal
Ru
Sif Muna
Trog
Uskayaw
Vehumet
Wu Jian
Xom
Yredelemnul
Zin
The Shining One
Jiyva

Shops:
D:1 [   D:2 ?   D:6 *   D:8 ?   D:9 [

Annotations:
D:7 exclusion: vampire
D:15 Louise
Lair:5 3 runed translucent doors, snackwell's ghost, journeyman MeEE


Innate Abilities, Weirdness & Mutations

You cannot wear most types of armour.
You are amphibious.
You can wear up to eight rings at the same time.
Your skin changes colour to match your surroundings (Stealth+).
Your rubbery body absorbs attacks. (AC +1, EV +1)
((You are camouflaged when in or above water. (Stealth+)))
You have tentacles for arms and can constrict up to eight enemies at once.


Message History

Your tentacle-slap misses the tentacled monstrosity.
You squeeze the tentacled monstrosity!
The tentacled monstrosity is heavily wounded.
The tentacled monstrosity closely misses you.
The tentacled monstrosity barely misses you. x2
The tentacled monstrosity closely misses you.
A neqoxec comes into view.
The neqoxec shouts!
You batter the tentacled monstrosity!!
The tentacled monstrosity is heavily wounded.
The tentacled monstrosity barely misses you.
The tentacled monstrosity tentacle-slaps you!
The tentacled monstrosity completely misses you.
The tentacled monstrosity grabs you.
The tentacled monstrosity constricts you!
You batter the tentacled monstrosity!! You squeeze the tentacled monstrosity.
The tentacled monstrosity is severely wounded.
The tentacled monstrosity closely misses you.
You block the tentacled monstrosity's attack.
The tentacled monstrosity completely misses you.
The tentacled monstrosity constricts you!
You barely miss the tentacled monstrosity.
The tentacled monstrosity is severely wounded.
The tentacled monstrosity tentacle-slaps you!
* * * LOW HITPOINT WARNING * * *
The tentacled monstrosity tentacle-slaps you.
You block the tentacled monstrosity's attack.
The tentacled monstrosity constricts you!
* * * LOW HITPOINT WARNING * * *
You tentacle-slap the tentacled monstrosity.
The tentacled monstrosity is severely wounded.
You batter the tentacled monstrosity!! You squeeze the tentacled monstrosity!
The tentacled monstrosity is almost dead.
The tentacled monstrosity tentacle-slaps you!
* * * LOW HITPOINT WARNING * * *
The tentacled monstrosity tentacle-slaps you.
* * * LOW HITPOINT WARNING * * *
The tentacled monstrosity completely misses you.
The tentacled monstrosity constricts you!
You die...

......._ . . .
..#..#### .#. . ..
. ......#..# . . .
#...........# #..
. .... ....... ##
.. .. ...
#....##.#X # .._
...#
#.....#..#.##.#.
.... .
###.....##........
. .....##..
.#.@X#.. ##.. .
...... ###...# #.#
....... .# #...# #
........... #..##
..... .....# ..3#
.. .... ##..#.
.... . .# #....
..... ..... .....#
. ... .. ....#. ##


You could see a tentacled monstrosity and a neqoxec.

Vanquished Creatures
  Jorgrun (D:12)
  Rupert (Lair:4)
  A quicksilver ooze (Gauntlet)
  A minotaur (Gauntlet)
  A rakshasa (D:13)
  Harold (D:9)
  3 catoblepae
  5 hydras
  Erica (Lair:2)
  5 centaur warriors
  A deep troll shaman (Lair:5)
  3 boulder beetles
  11 death yaks
  3 tengu warriors (D:14)
  7 two-headed ogres
  Sonja (Lair:2)
  A skyshark (Lair:2)
  A skeletal warrior (D:14)
  A deep troll (D:14)
  Pikel (D:5)
  A wizard (D:14)
  An orc knight (D:14)
  A deep elf pyromancer (D:13)
  4 ugly things
  A wolf spider (D:14)
  An oklob plant (Lair:3)
  2 cyclopes
  A manticore (D:10)
  17 elephants
  2 rust devils (D:14)
  A black mamba (Lair:5)
  A gargoyle (D:11)
  Maurice (D:8)
  3 smoke demons
  2 unseen horrors
  2 torpor snails
  10 cane toads
  14 komodo dragons
  A kobold demonologist (D:12)
  2 efreet
  7 rime drakes
  2 ice devils (D:14)
  A tengu conjurer (D:14)
  2 red devils (D:14)
  2 hellwings (Abyss:2)
  3 polar bears
  6 trolls
  4 hornets
  7 blink frogs
  A centaur simulacrum (D:14)
  5 slime creatures
  5 wyverns
  71 yaks
  2 wraiths
  2 shadows
  A fire elemental (Volcano)
  3 steam dragons
  Grum (D:10)
  7 basilisks
  6 vampire mosquitoes
  Menkaure (D:5)
  A large abomination (Abyss:2)
  2 nagas (Lair:3)
  4 acid dragons
  A warg (Lair:1)
  2 swamp worms (Gauntlet)
  18 water moccasins
  7 orc warriors
  4 black bears
  A sky beast (D:7)
  An ogre (D:5)
  25 wolves
  14 centaurs
  A lemure (D:5)
  4 kobold brigands
  Blork the orc (D:4)
  9 bullfrogs
  A necrophage (D:7)
  4 scorpions
  2 wights
  6 howler monkeys
  4 centaur zombies (D:7)
  8 hounds
  A human zombie (D:7)
  15 orc priests
  4 jellies
  Crazy Yiuf (D:5)
  A sleepcap (D:5)
  2 iguanas
  12 orc wizards
  4 hell rats (Lair:4)
  2 killer bee zombies (D:7)
  2 mummies (D:7)
  A howler monkey zombie (D:7)
  4 adders
  A white imp (D:6)
  3 ufetubi
  3 worms
  A dart slug (D:4)
  50 orcs
  9 ball pythons
  6 bats
  5 endoplasms
  2 giant cockroaches
  3 hobgoblins
  7 quokkas
  2 frilled lizards
  8 goblins
  27 kobolds
  A rat (D:2)
554 creatures vanquished.

Vanquished Creatures (collateral kills)
  A two-headed ogre (D:14)
  A rime drake (shapeshifter) (D:14)
  A freezing wraith (D:14)
3 creatures vanquished.

Grand Total: 557 creatures vanquished

Notes
Turn   | Place    | Note
-------+----------+-------------------------------------------
     0 | D:1      | frimble the Octopode Warper began the quest for the Orb.
     0 | D:1      | Reached XP level 1. HP: 14/14 MP: 3/3
   145 | D:1      | Found Zymofitz's Antique Armour Boutique.
   236 | D:1      | Reached XP level 2. HP: 19/19 MP: 5/5
   582 | D:1      | Learned a level 2 spell: Blink
   634 | D:2      | Found Heuty's Magic Scroll Emporium.
   755 | D:2      | Reached XP level 3. HP: 23/25 MP: 4/6
   771 | D:2      | You fall into a shaft and drop 1 floor!
  1098 | D:2      | Found a faded altar of an unknown god.
  1254 | D:3      | Found a white marble altar of Elyvilon.
  1467 | D:3      | Noticed a scorpion
  1475 | D:3      | Killed a scorpion
  1476 | D:3      | Reached XP level 4. HP: 18/31 MP: 3/7
  1568 | D:3      | Reached XP level 5. HP: 36/36 MP: 8/8
  2375 | D:4      | Reached skill level 5 in Unarmed Combat
  2375 | D:4      | Reached XP level 6. HP: 35/43 MP: 7/9
  2797 | D:4      | Identified a scroll of acquirement
  2797 | D:4      | Acquired the +1 buckler of Impatience {Int+3 Stlth+}
  2825 | D:5      | Entered Level 5 of the Dungeon
  2825 | D:5      | Noticed Blork the orc
  2832 | D:4      | Killed Blork the orc
  2833 | D:4      | Reached skill level 1 in Shields
  2990 | D:4      | Reached XP level 7. HP: 40/48 MP: 8/10
  3034 | D:4      | Reached skill level 10 in Unarmed Combat
  3034 | D:4      | Reached XP level 8. HP: 48/61 MP: 8/11
  3245 | D:5      | Noticed Menkaure
  3265 | D:5      | Killed Menkaure
  3819 | D:5      | Noticed Pikel
  3828 | D:5      | Killed Pikel
  3829 | D:5      | Reached XP level 9. HP: 46/66 MP: 7/13
  3974 | D:5      | Found a runed translucent door.
  3975 | D:5      | Noticed Crazy Yiuf
  4008 | D:5      | Found a burning altar of Makhleb.
  4301 | D:5      | Killed Crazy Yiuf
  4438 | D:5      | Reached skill level 3 in Spellcasting
  5030 | D:7      | Found a faded altar of an unknown god.
  5030 | D:7      | Found a hazy altar of Hepliaklqana.
  5411 | D:7      | Found a staircase to the Ecumenical Temple.
  5417 | D:7      | Reached skill level 4 in Spellcasting
  5424 | Temple   | Entered the Ecumenical Temple
  5663 | Temple   | Became a worshipper of Cheibriados the Contemplative
  5859 | D:7      | Found an ancient bone altar of Kikubaaqudgha.
  6000 | D:7      | Found a sacrificial altar of Ru.
  6108 | D:7      | Found an iron altar of Okawaru.
  6271 | D:7      | Reached skill level 5 in Spellcasting
  6274 | D:7      | Reached * piety under Cheibriados
  6275 | D:7      | Reached XP level 10. HP: 58/73 MP: 13/17
  6899 | D:6      | Reached skill level 1 in Stealth
  7008 | D:6      | Found Zaameno's CLEARANCE SALE!.
  7141 | D:8      | Found a basalt altar of Yredelemnul.
  7199 | D:8      | Noticed a two-headed ogre
  7223 | D:8      | Killed a two-headed ogre
  7224 | D:8      | Reached skill level 5 in Dodging
  7224 | D:8      | Reached skill level 1 in Invocations
  7224 | D:8      | Reached skill level 1 in Evocations
  7708 | D:8      | Learned a level 5 spell: Freezing Cloud
  7844 | D:9      | Noticed Harold
  7859 | D:9      | Killed Harold
  7860 | D:9      | Reached skill level 1 in Conjurations
  7860 | D:9      | Reached skill level 1 in Ice Magic
  7860 | D:9      | Reached skill level 1 in Air Magic
  8134 | D:9      | Reached ** piety under Cheibriados
  8232 | D:9      | Found Hoka's Armour Emporium.
  8309 | D:9      | Noticed a two-headed ogre
  8318 | D:9      | Killed a two-headed ogre
  8319 | D:9      | Reached skill level 6 in Spellcasting
  8661 | D:8      | Killed an unseen horror
  8662 | D:8      | Reached XP level 11. HP: 39/80 MP: 9/20
  8894 | D:8      | Found Zodem's Magic Scroll Shop.
  8899 | D:8      | Noticed Maurice
  8907 | D:8      | Killed Maurice
  8987 | D:8      | Bought a scroll of teleportation for 39 gold pieces
  9398 | D:8      | Reached *** piety under Cheibriados
  9559 | D:8      | Found a radiant altar of Vehumet.
  9657 | D:10     | Entered Level 10 of the Dungeon
  9686 | D:10     | Noticed a two-headed ogre
  9694 | D:10     | Killed a two-headed ogre
  9952 | D:10     | Noticed Grum
  9959 | D:10     | Reached skill level 7 in Spellcasting
  9962 | D:10     | Killed Grum
 10025 | D:10     | Noticed a manticore
 10036 | D:10     | Killed a manticore
 10776 | D:10     | Found a staircase to the Orcish Mines.
 11050 | D:10     | Reached skill level 5 in Translocations
 11142 | D:10     | Noticed a death yak
 11148 | D:10     | Reached **** piety under Cheibriados
 11148 | D:10     | Noticed a death yak
 11149 | D:10     | Noticed a death yak
 11167 | D:11     | Killed a death yak
 11336 | D:11     | Reached XP level 12. HP: 85/85 MP: 23/23
 11373 | D:11     | Identified the +5 long sword of Qamuf {freeze, rPois Str+5
                  | Dex-4}
 11638 | D:11     | Reached skill level 8 in Spellcasting
 12135 | D:12     | Noticed a boulder beetle
 12153 | D:12     | Killed a boulder beetle
 12323 | D:12     | Reached skill level 5 in Evocations
 12361 | D:12     | Noticed Jorgrun
 12513 | D:10     | Found a staircase to the Lair.
 12530 | D:10     | Reached skill level 5 in Invocations
 12849 | D:10     | Killed a death yak
 12849 | D:10     | Reached ***** piety under Cheibriados
 12852 | D:10     | Killed a death yak
 13248 | D:10     | Reached skill level 5 in Conjurations
 13373 | D:10     | Found a sparkling altar of Nemelex Xobeh.
 13464 | Lair:1   | Entered Level 1 of the Lair of Beasts
 13481 | Lair:1   | Reached skill level 5 in Ice Magic
 13481 | Lair:1   | Reached skill level 5 in Air Magic
 13485 | Lair:1   | Reached skill level 9 in Spellcasting
 13834 | Lair:1   | Found a dark tunnel.
 13874 | Lair:1   | Reached XP level 13. HP: 45/90 MP: 1/26
 13877 | Volcano  | Entered a volcano
 14187 | Lair:1   | Reached skill level 10 in Spellcasting
 14930 | Lair:2   | Noticed Erica
 14939 | Lair:2   | Killed Erica
 14945 | Lair:2   | Found a gate leading to a gauntlet.
 14955 | Gauntlet | Entered a Gauntlet
 14955 | Gauntlet | Found a large runed translucent door.
 14955 | Gauntlet | Found a large runed translucent door.
 14955 | Gauntlet | Found a large runed translucent door.
 14955 | Gauntlet | Found a large runed translucent door.
 14955 | Gauntlet | Found a large runed translucent door.
 14955 | Gauntlet | Found a large runed translucent door.
 14955 | Gauntlet | Found a runed translucent door.
 14955 | Gauntlet | Found a transporter.
 14955 | Gauntlet | Found a transporter.
 14955 | Gauntlet | Found a runed translucent door.
 14955 | Gauntlet | Found a large runed translucent door.
 14955 | Gauntlet | Found a large runed translucent door.
 14955 | Gauntlet | Found a large runed translucent door.
 14955 | Gauntlet | Found a large runed translucent door.
 14955 | Gauntlet | Found a large runed translucent door.
 14955 | Gauntlet | Found a large runed translucent door.
 14988 | Gauntlet | Found a transporter.
 14988 | Gauntlet | Found a transporter.
 14989 | Gauntlet | Found a large runed translucent door.
 14989 | Gauntlet | Found a large runed translucent door.
 14989 | Gauntlet | Found a large runed translucent door.
 14989 | Gauntlet | Found a large runed translucent door.
 14993 | Gauntlet | Found a runed translucent gate.
 14993 | Gauntlet | Found a runed translucent gate.
 14993 | Gauntlet | Found a runed translucent gate.
 14998 | Gauntlet | Found a transporter.
 15005 | Gauntlet | Noticed a quicksilver ooze
 15008 | Gauntlet | Found a transporter.
 15008 | Gauntlet | Found a transporter.
 15032 | Gauntlet | Found a transporter.
 15039 | Gauntlet | Found a transporter.
 15051 | Gauntlet | Found a transporter.
 15083 | Gauntlet | Found a transporter.
 15128 | Gauntlet | Found a transporter.
 15142 | Gauntlet | Found a transporter.
 15228 | Gauntlet | Found a transporter.
 15243 | Gauntlet | Found a transporter.
 15259 | Gauntlet | Found a transporter.
 15520 | Gauntlet | Killed a quicksilver ooze
 15653 | Gauntlet | Identified the +0 hat "Buazxo" {rC+ Will+ Dex+3}
 15682 | Gauntlet | Identified the staff "Vetaot" {rF+ rC+ Ice}
 15682 | Gauntlet | Noticed a minotaur
 15693 | Gauntlet | Killed a minotaur
 15704 | Gauntlet | Identified the +0 pair of gloves of Buuplad {Rampage rF-
                  | rN+ Int+2}
 15704 | Gauntlet | Identified the +1 ring mail of Unafong {rF+ Dex-2 SInv}
 15704 | Gauntlet | Identified the +3 barding of the Bruised Emperors {-Tele
                  | rElec Will++}
 16266 | Lair:2   | Noticed Sonja
 16274 | Lair:2   | Killed Sonja
 16450 | Lair:2   | Reached skill level 11 in Spellcasting
 16460 | Lair:2   | Reached ****** piety under Cheibriados
 16881 | Lair:3   | Found a staircase to the Snake Pit.
 17818 | Lair:3   | Found a staircase to the Swamp.
 17960 | Lair:3   | Reached XP level 14. HP: 97/97 MP: 24/29
 18359 | Lair:4   | Found a viscous altar of Jiyva.
 18359 | Lair:4   | Found a staircase to the Slime Pits.
 18486 | Lair:4   | Reached skill level 12 in Spellcasting
 18713 | Lair:4   | Noticed Rupert
 18728 | Lair:4   | Killed Rupert
 19474 | Lair:5   | Entered Level 5 of the Lair of Beasts
 19486 | Lair:5   | Learned a level 5 spell: Borgnjor's Vile Clutch
 19618 | Lair:5   | Upgraded the game from 0.31-a0-177-g4aa6249778 to
                  | 0.31-a0-180-g519b7de00c
 19652 | Lair:5   | Reached skill level 1 in Necromancy
 19652 | Lair:5   | Reached skill level 1 in Earth Magic
 19660 | Lair:5   | Reached skill level 10 in Fighting
 19974 | Lair:5   | Learned a level 1 spell: Apportation
 20369 | Lair:5   | Found a runed translucent gate.
 20370 | Lair:5   | Found a runed translucent gate.
 20371 | Lair:5   | Found a runed translucent gate.
 20376 | Lair:5   | Noticed snackwell's ghost (journeyman MeEE)
 21120 | Lair:5   | Reached XP level 15. HP: 105/105 MP: 21/31
 21697 | D:12     | Killed Jorgrun
 22668 | D:13     | Reached skill level 5 in Necromancy
 22668 | D:13     | Reached skill level 5 in Earth Magic
 23225 | D:13     | Found a gate to the Vaults.
 23709 | D:14     | Found a flickering gateway to a bazaar.
 23734 | Bazaar   | Entered a bazaar
 23954 | Bazaar   | Found Nuruvvem's Antique Weapon Emporium.
 23955 | Bazaar   | Found Fati's Book Emporium.
 23998 | Bazaar   | Found Kehasic's Book Shoppe.
 23998 | Bazaar   | Found Zimmoata's General Store.
 24020 | Bazaar   | Bought the ring "Ucran" {rPois rF+ rCorr EV+5 Dex-3} for
                  | 695 gold pieces
 24794 | D:14     | Reached skill level 10 in Invocations
 25085 | D:14     | Found an opulent altar of Gozag.
 25260 | D:15     | Entered Level 15 of the Dungeon
 25261 | D:15     | Found a radiant altar of Vehumet.
 25283 | D:15     | Noticed Louise
 25302 | Abyss:2  | Cast into level 2 of the Abyss (Louise)
 25355 | Abyss:2  | Found a corrupted altar of Lugonu.
 25367 | Abyss:2  | Found a shimmering blue altar of Sif Muna.
 25384 | Abyss:2  | Found a shimmering blue altar of Sif Muna.
 25384 | Abyss:2  | Found a shimmering blue altar of Sif Muna.
 25411 | Abyss:2  | Found a corrupted altar of Lugonu.
 25414 | Abyss:2  | Noticed a tentacled monstrosity
 25428 | Abyss:2  | HP: 4/106 [tentacled monstrosity (4)]
 25428 | Abyss:2  | Constricted to death by a tentacled monstrosity

Illustrated notes

Levels and vault maps discovered:
D:1:      evilmike_arrival_hilbert_curve, layout_rooms, serial_shops,
          shop_fountains, corner_web_ring, st_stairs_2, skrybe_limestone_x
D:2:      layout_rooms, shapermc_ecumenical_altar_notcrosses, serial_shops,
          shop, minivault_26
D:3:      layout_loops_cross, mainiacjoe_overflow_catwalk, serial_bayou_ford_a,
          minmay_pentomino_pile
D:4:      layout_rooms, minmay_manual_maat
D:5:      layout_rooms, overflow_temple_1_default, uniq_menkaure, uniq_pikel,
          uniq_crazy_yiuf_cottage, uniq_blork_the_orc
D:6:      layout_rooms, serial_corexii_hall, chequers_hall_statues_wall_a,
          corexii_hall_statues_x, grunt_ministairs_6, st_stairs_6,
          nicolae_shop_clearance
D:7:      layout_rooms, mainiacjoe_overflow_divided_tiny,
          lemuel_mausoleum_altar_kikubaaqudgha,
          beargit_hepliaklqana_dungeon_heroes,
          minmay_temple_entry_gardened_gates
D:8:      layout_gridville, mainiacjoe_overflow_small_starburst,
          mainiacjoe_overflow_cross_hatched, serial_shops, shop, uniq_maurice
D:9:      layout_roguey, serial_shops, shop, uniq_harold
D:10:     minmay_angry_zag, layout_irregular_city, nemelex_diamond_rough_becter,
          dpeg_lair_monsters, david_orc_1_choice, chequers_mini_garden,
          uniq_grum
D:11:     layout_cave_pools, minmay_fountain_box, serial_bayou_pond_c
D:12:     layout_loops_ring, uniq_jorgrun
D:13:     layout_gridville, david_vaults_4
D:14:     cheibrodos_fzero, layout_rooms, grunt_gozag_breadcrumbs, serial_shops,
          bzr_entry_lakeside, serial_demonic, serial_demonic_a,
          serial_demonic_g, serial_demonic_a, serial_demonic_d
D:15:     grunt_enter_depths_giant_problem, layout_long_grid, elyvilon_altar_4,
          vehumet_crystals, uniq_louise, uniq_agnes
Temple:   oiseaux_autumnal_temple
Lair:1:   beast_lair_carwin_large_4, layout_gridlike,
          nicolae_volcano_entry_lava_flow, serial_bayou_shore_a
Lair:2:   layout_chaotic_city, gauntlet_entry_generic,
          chequers_serial_rivers_small_b, grunt_megastairs_2, uniq_erica,
          uniq_sonja
Lair:3:   layout_loops_ring, minmay_swamp_entry_reptiles,
          guppyfry_snake_entry_garden, gammafunk_lair_bear_cave
Lair:4:   layout_gridlike, slime_entry_1, infiniplex_staircase_pool_2,
          serial_bayou_shore_b, uniq_rupert
Lair:5:   grunt_lair_end_beastmaster, layout_big_grid,
          gammafunk_ghost_hydra_chop
Abyss:2:  base: D:11, abyss_greek_temple

Skill      XL: |  1  2  3  4  5  6  7  8  9 10 11 12 13 14 15 |
---------------+----------------------------------------------+-----
Unarmed Combat | 3 4 5 10 11 | 11.0
Fighting       | 3 4 7 8 9 10 11 | 11.0
Shields        | 2 6 7 8 |  8.1
Dodging        | 3 4 5 6 |  6.8
Spellcasting   | 5 6 7 9 11 12 | 12.4
Stealth        | 2 |  2.0
Invocations    | 2 4 5 8 10 | 10.2
Evocations     | 2 4 5 |  5.5
Conjurations   | 1 3 5 6 |  6.0
Ice Magic      | 1 3 5 7 8 |  8.0
Air Magic      | 1 3 5 7 8 |  8.0
Translocations | 4 5 6 |  6.0
Necromancy     | 4 6 |  6.6
Earth Magic    | 4 6 |  6.6
Throwing       | |  1.0

Action                     |  1- 3 |  4- 6 |  7- 9 | 10-12 | 13-15 || total
---------------------------+-------+-------+-------+-------+-------++-------
  Melee: Unarmed           |    87 |    78 |   178 |   439 |   555 ||  1337
         Constrict         |    22 |    19 |    27 |    65 |    58 ||   191
         Tentacles         |    15 |    14 |    37 |   120 |   201 ||   387
         Punch             |     2 |     2 |    11 |    44 |    58 ||   117
  Throw: Dart              |     5 |     7 |     4 |    61 |       ||    77
         Boomerang         |       |     2 |       |    12 |     1 ||    15
   Cast: Blink             |       |     4 |     2 |    12 |    21 ||    39
         Freezing Cloud    |       |       |       |    20 |    70 ||    90
         Borgnjor's Vile C |       |       |       |       |    29 ||    29
 Invoke: Slouch            |       |       |       |     1 |     4 ||     5
         Temporal Distorti |       |       |       |       |     1 ||     1
  Evoke: Wand              |       |       |       |    16 |    22 ||    38
    Use: Scroll            |     4 |     5 |     4 |    17 |    16 ||    46
         Potion            |       |     1 |     1 |     1 |     4 ||     7
   Stab: Sleeping          |     4 |       |     9 |    11 |    13 ||    37
         Distracted        |       |     1 |       |     1 |     2 ||     4
         Invisible         |       |       |       |     6 |       ||     6
         Paralysed         |       |       |       |       |    15 ||    15
 Armour: Skin              |    13 |     2 |     7 |     5 |    13 ||    40
  Dodge: Dodged            |    52 |    53 |    72 |   217 |   423 ||   817
  Block: Buckler           |       |       |    40 |   143 |   225 ||   408

Table legend: (Time is in decaauts)
 A = Elapsed time spent in this place.
 B = Non-inter-level travel time spent in this place.
 C = Inter-level travel time spent in this place.
 D = Time resting spent in this place.
 E = Time spent auto-exploring this place.
 F = Levels seen in this place.
 G = Mean time per level.
                   A        B        C        D        E       F      G
               +--------+--------+--------+--------+--------+-----+--------+
         Total |  32973 |  31471 |   1502 |    657 |  25661 |  25 | 1318.9 |
       Dungeon |  20092 |  19038 |   1054 |    441 |  15640 |  15 | 1339.5 |
        Temple |    284 |    218 |     66 |      0 |    205 |   1 |  284.0 |
          Lair |  10830 |  10448 |    382 |    216 |   8518 |   5 | 2166.0 |
         Abyss |    172 |    172 |      0 |      0 |     99 |   1 |  172.0 |
        Bazaar |    410 |    410 |      0 |      0 |    358 |   1 |  410.0 |
       Volcano |     39 |     39 |      0 |      0 |      0 |   1 |   39.0 |
      Gauntlet |   1142 |   1142 |      0 |      0 |    840 |   1 | 1142.0 |
               +--------+--------+--------+--------+--------+-----+--------+

Top non-repeatable levels by time:
  Lair:5: 2905 daAuts
    D:10: 2560 daAuts
  Lair:1: 2177 daAuts
  Lair:3: 2158 daAuts
     D:8: 2089 daAuts
    D:12: 1965 daAuts
    D:13: 1936 daAuts
  Lair:4: 1808 daAuts
  Lair:2: 1781 daAuts
    D:11: 1629 daAuts
     D:5: 1470 daAuts
     D:9: 1451 daAuts
     D:7: 1397 daAuts
    D:14: 1283 daAuts
Gauntlet: 1142 daAuts
